 Dungeon Crawl Stone Soup version 0.26.0-45-g9c1d065592 (webtiles) character file.

Game seed: 13790815777206738305

2974 jlumianski the Chopper (level 9, -5/86 HPs)
             Began as a Palentonga Fighter on Jan 29, 2021.
             Was a Believer of Okawaru.
             Slain by a two-headed ogre
             ... wielding a cursed -1 giant spiked club
              (13 damage)
             ... on level 7 of the Dungeon on Jan 30, 2021.
             The game lasted 00:39:31 (9497 turns).

jlumianski the Chopper (Palentonga Fighter)         Turns: 9497, Time: 00:39:32

Health: -5/86      AC: 21    Str: 19 (23) XL:     9   Next: 53%
Magic:  12/12      EV:  4    Int: 10      God:    Okawaru [**....]
Gold:   186        SH: 14    Dex:  8 (10) Spells: 8/8 levels left

rFire    + . .     SeeInvis +   a - +0 war axe
rCold    . . .     Faith    .   c - +0 kite shield
rNeg     . . .     Spirit   .   K - +1 scale mail {rF+}
rPois    .         Reflect  +   (no helmet)
rElec    .         Harm     .   V - +0 cloak
rCorr    .         Rampage  .   (no gloves)
Will     +....                  n - +0 barding
Stlth    ..........             N - amulet of reflection
HPRegen  0.24/turn              v - ring of flight
MPRegen  0.13/turn              (no ring)

@: curled up
A: large, rugged brown scales 3, see invisible, clever 1, deformed body,
deterioration 1, strong-willed 1, robust 1, roll 1, armoured tail, reflexive
curl
a: Rolling Charge, Renounce Religion, Evoke Flight, Heroism


You were on level 7 of the Dungeon.
You worshipped Okawaru.
Okawaru was pleased with you.
You visited 2 branches of the dungeon, and saw 9 of its levels.
You also visited: Sewer.

You collected 471 gold pieces.
You spent 285 gold pieces at shops.

Inventory:

Hand Weapons
 a - a +0 war axe (weapon)
 d - a +0 mace of draining
 f - a cursed +0 hand axe
 h - a +1 whip of venom
 j - a +3 rapier of venom
 B - a +1 dagger of draining
 P - a +0 hand crossbow
 U - a +2 quarterstaff of chaos
Missiles
 i - 194 stones
 y - 8 curare-tipped darts
 z - 3 boomerangs
 F - 41 poisoned darts (quivered)
 L - a throwing net
 T - 4 silver javelins
Armour
 b - a +0 scale mail
 c - a +0 kite shield (worn)
 n - a +0 barding (worn)
 t - a scarf of resistance
 u - a +0 tower shield
 A - a +0 plate armour
 K - a +1 scale mail of fire resistance (worn)
 M - a +0 plate armour
 V - a +0 cloak (worn)
Jewellery
 v - a ring of flight (left hand)
 N - an amulet of reflection (around neck)
Wands
 e - a wand of flame (10)
 H - a wand of enslavement (9)
 R - a wand of random effects (16)
 S - a wand of digging (7)
Scrolls
 g - 3 scrolls of identify
 m - 2 scrolls of remove curse
 p - 2 scrolls of fog
 q - 2 scrolls of amnesia
 r - 6 scrolls of teleportation
 x - 2 scrolls of blinking
 C - a scroll of magic mapping {unknown}
 D - a scroll of enchant armour {unknown}
 I - a scroll of silence {unknown}
 J - a scroll of fear {unknown}
 O - a scroll of enchant weapon {unknown}
Potions
 k - 2 potions of flight
 l - 2 potions of mutation
 o - a potion of haste
 s - 5 potions of heal wounds
 w - a potion of degeneration
 E - 2 potions of curing
 G - a potion of might
 Q - a potion of berserk rage
 W - a potion of magic {unknown}


   Skills:
 + Level 5.3 Fighting
 + Level 7.7 Axes
 + Level 0.4 Throwing
 + Level 5.4 Armour
 - Level 1.4 Dodging
 - Level 0.2 Stealth
 + Level 5.0 Shields
 * Level 4.0 Invocations
 * Level 3.5 Evocations


You had 8 spell levels left.
You didn't know any spells.
Your spell library contained the following spells:

 Spells                   Type           Power        Failure   Level
 Beastly Appendage        Tmut           0%           94%         1
 Wereblood                Tmut           0%           98%         2
 Spider Form              Tmut/Pois      0%           100%        3
 Ice Form                 Ice/Tmut       0%           100%        4
 Blade Hands              Tmut           0%           100%        5


Dungeon Overview and Level Annotations

Branches:
Dungeon (8/15)             Temple (1/1) D:4           Sewer (visited)
   Lair: D:8-11

Altars:
Cheibriados
Dithmenos
Elyvilon
Fedhas
Gozag
Hepliaklqana
Kikubaaqudgha
Nemelex Xobeh
Okawaru
Qazlal
Ru
Sif Muna
Uskayaw
Vehumet
Wu Jian
Xom
Zin

Shops:
D:5 *==   D:6 !****

Annotations:
D:6 5 runed translucent doors


Innate Abilities, Weirdness & Mutations

You are completely covered in rugged brown scales. (AC +3, +7% HP)
You have supernaturally acute eyesight. (SInv)
Armour fits poorly on your strangely shaped body.
You can roll at nearby foes to attack.
You have a long armoured tail.
You curl defensively after being hit.
Your mind is acute. (Int +2)
Your body sometimes deteriorates upon taking damage.
You are strong-willed. (Will+)
You are robust. (+10% HP)


Message History

The two-headed ogre closely misses you. You block the two-headed ogre's attack.
You slice the two-headed ogre!!
The two-headed ogre is severely wounded.
You barely miss the two-headed ogre.
The two-headed ogre is severely wounded.
The two-headed ogre hits you with a cursed -1 giant spiked club!
The two-headed ogre hits you with a +0 giant club!
Press: ? - help, v - describe, . - travel
Here: a two-headed ogre, wielding a -1 giant spiked club and a +0 giant club (severely wounded)
The floor, spattered with blood.
You feel like a meek peon again.
There is a stone staircase leading up here.
You block the two-headed ogre's attack.
The two-headed ogre hits you with a +0 giant club!!
* * * LOW HITPOINT WARNING * * *
You climb upwards.
There is a stone staircase leading down here.
You block the two-headed ogre's attack.
The two-headed ogre hits you with a +0 giant club!
You die...

......................##
.......................#
..........#............#
#.........##...........#
#####.....#............#
###................#
#.......[.)......# ###
##...##..)>.......#
#.####....###..O@......#
#...#......###.........#
#............##........#
#.............##......##
#...###.........#.....#
#.### ##............[##
#.# ##............## #.#
##......♣.≈....# ..##
#.......≈..≈≈≈##


You could see a two-headed ogre.

Vanquished Creatures
  Joseph (D:7)
  Duvessa (D:4)
  2 black bears
  An orc warrior (D:8)
  3 ice beasts
  4 ogres
  A phantom (D:7)
  2 centaurs
  A big kobold (Sewer)
  Dowan (D:4)
  A scorpion (D:6)
  2 electric eels (D:7)
  A howler monkey (D:4)
  A centaur zombie (D:7)
  5 hounds
  A bullfrog zombie (D:8)
  A centaur skeleton (D:7)
  Crazy Yiuf (D:7)
  4 orc priests
  A bullfrog skeleton (D:4)
  2 iguanas (D:6)
  6 orc wizards
  5 worker ants
  A hound skeleton (D:7)
  8 gnolls
  A river rat (D:5)
  13 adders
  2 shadow imps (D:5)
  A white imp (D:7)
  4 ufetubi
  3 oozes
  An adder skeleton (D:7)
  5 worms
  A dart slug (D:1)
  3 leopard geckos
  22 orcs
  7 giant cockroaches
  14 goblins
  4 hobgoblins
  4 quokkas
  7 ball pythons
  6 bats
  3 frilled lizards
  12 kobolds
  A leopard gecko skeleton (D:5)
  10 rats
181 creatures vanquished.

Vanquished Creatures (others)
  26 plants
26 creatures vanquished.

Grand Total: 207 creatures vanquished

Notes
Turn   | Place    | Note
-------+----------+-------------------------------------------
     0 | D:1      | jlumianski the Palentonga Fighter began the quest for the
                  | Orb.
     0 | D:1      | Reached XP level 1. HP: 20/20 MP: 1/1
   118 | D:2      | Found a stormy altar of Qazlal.
   141 | D:1      | Reached XP level 2. HP: 24/27 MP: 2/2
   779 | D:2      | Found a hide-covered altar of Uskayaw.
   815 | D:2      | Reached XP level 3. HP: 33/33 MP: 3/3
   965 | D:3      | Reached XP level 4. HP: 39/41 MP: 4/4
  1277 | D:3      | Reached skill level 3 in Axes
  1496 | D:2      | Reached XP level 5. HP: 49/49 MP: 5/5
  2165 | D:5      | Entered Level 5 of the Dungeon
  2187 | D:4      | Reached skill level 4 in Axes
  2461 | D:4      | Reached XP level 6. HP: 55/55 MP: 6/6
  3111 | D:4      | Found a staircase to the Ecumenical Temple.
  3118 | Temple   | Entered the Ecumenical Temple
  3262 | Temple   | Became a worshipper of Warmaster Okawaru
  3320 | D:4      | Noticed Duvessa
  3340 | D:4      | Noticed Dowan
  3352 | D:4      | Killed Duvessa
  3353 | D:4      | Reached skill level 5 in Axes
  3353 | D:4      | Reached skill level 1 in Dodging
  3353 | D:4      | Gained mutation: You curl defensively after being hit.
                  | [Palentonga growth]
  3353 | D:4      | Reached XP level 7. HP: 19/63 MP: 7/7
  3361 | D:4      | Killed Dowan
  3711 | D:4      | Found a shimmering altar of Xom.
  3711 | D:4      | Found a shimmering altar of Xom.
  3711 | D:4      | Found a shimmering altar of Xom.
  3711 | D:4      | Found a shimmering altar of Xom.
  3711 | D:4      | Found a shimmering altar of Xom.
  3718 | D:4      | Found a shimmering altar of Xom.
  3809 | D:5      | Found Muck's Jewellery Emporium.
  3809 | D:5      | Found a shimmering altar of Xom.
  3846 | D:6      | Found a glowing drain.
  4077 | D:6      | Reached * piety under Okawaru
  4085 | D:6      | Reached skill level 6 in Axes
  4085 | D:6      | Reached skill level 1 in Invocations
  4085 | D:6      | Reached XP level 8. HP: 39/71 MP: 8/8
  4098 | Sewer    | Entered a sewer
  4343 | Sewer    | Reached skill level 1 in Evocations
  4701 | D:6      | Found a runed translucent gate.
  4702 | D:6      | Found a runed translucent gate.
  4706 | D:6      | Found a runed translucent door.
  4715 | D:6      | Found a runed translucent gate.
  4725 | D:6      | Found Inamaihour's General Store.
  4725 | D:6      | Found a runed translucent door.
  4783 | D:5      | Found Guareagu's Assorted Antiques.
  5311 | D:5      | Found Ehiaff's Jewellery Emporium.
  5337 | D:5      | Found an ornate altar of the Wu Jian Council.
  6319 | D:5      | Found a sacrificial altar of Ru.
  6678 | D:7      | Reached ** piety under Okawaru
  6696 | D:7      | Gained mutation: Your mind is acute. (Int +2) [potion of
                  | mutation]
  6696 | D:7      | Gained mutation: Your body sometimes deteriorates upon
                  | taking damage. [potion of mutation]
  6696 | D:7      | Gained mutation: You are strong-willed. (Will+) [potion of
                  | mutation]
  6696 | D:7      | Gained mutation: You are robust. (+10% HP) [potion of
                  | mutation]
  6858 | D:7      | Found a shimmering blue altar of Sif Muna.
  6918 | D:7      | Noticed Joseph
  6939 | D:7      | Killed Joseph
  6940 | D:7      | Reached skill level 7 in Axes
  6940 | D:7      | Reached skill level 5 in Armour
  6940 | D:7      | Reached XP level 9. HP: 42/85 MP: 11/11
  7146 | D:6      | Reached skill level 5 in Fighting
  7290 | D:6      | Found the +9 staff of Olgreb {rPois∞}
  7340 | D:6      | Found Hangapsa's Distillery.
  7346 | D:6      | Bought 2 potions of heal wounds for 140 gold pieces
  7436 | D:6      | Found Teirox's General Store.
  7483 | D:6      | Found Rif Ory's Assorted Antiques.
  7528 | D:6      | Bought a scroll of teleportation for 87 gold pieces
  7528 | D:6      | Bought a scroll of identify for 58 gold pieces
  7587 | D:6      | Found Gobewin's General Store.
  7951 | D:7      | Found a white marble altar of Elyvilon.
  7953 | D:7      | Found a hazy altar of Hepliaklqana.
  7986 | D:7      | Found a runed translucent door.
  7987 | D:7      | Noticed Crazy Yiuf
  7996 | D:7      | Killed Crazy Yiuf
  9136 | D:8      | Reached skill level 5 in Shields
  9462 | D:8      | Noticed a two-headed ogre
  9463 | D:8      | Noticed a two-headed ogre
  9497 | D:7      | Slain by a two-headed ogre

Illustrated notes

Levels and vault maps discovered:
D:1:      dpeg_arrival_short_road, layout_loops_ring, minmay_misc_feat_rows
D:2:      layout_rooms, eat_drink_and_be_merry_uskayaw,
          nicolae_qazlal_general_emergency
D:3:      kennysheep_the_goblin_king, layout_loops_ring, hangedman_decor_points
D:4:      layout_gridville, minmay_temple_entry_fiery, xom_redecorated,
          uniq_duvessa
D:5:      cheibrodos_two_vegetables, layout_basic, overflow_temple_1_default,
          overflow_temple_1_default, nicolae_ru_path_of_blood, serial_shops,
          nicolae_shop_stone, shop, shop, serial_bayou_pond_a
D:6:      layout_loops_cross, portal_sewer_entry_a, serial_shops, shop,
          shop_coins, kennysheep_mini, shop, nicolae_shop_statue_plus,
          chequers_serial_rivers_room_a, minmay_guarded_unrand_staff_of_olgreb
D:7:      layout_cave_pods, marbit_many_paths, nicolae_overflow_hidden_temple,
          serial_bayou, serial_bayou_pond_b, serial_bayou_pond_d,
          serial_bayou_pond_d, serial_bayou_lagoon_a, minivault_4, uniq_joseph,
          uniq_crazy_yiuf_cottage
D:8:      layout_basic, cheibrodos_ashenzari_chains, erik_lair_dragon
Temple:   compressed_dpeg_triangle_lava_temple

Skill      XL: |  1  2  3  4  5  6  7  8  9 |
---------------+----------------------------+-----
Armour         | 3 4 5 |  5.4
Axes           | 3 4 5 6 7 |  7.7
Shields        | 3 4 5 |  5.0
Fighting       | 4 5 |  5.3
Dodging        | 1 |  1.4
Invocations    | 1 3 4 |  4.0
Evocations     | 2 3 |  3.5
Throwing       | |  0.4
Stealth        | |  0.2

Action                   |  1- 3 |  4- 6 |  7- 9 || total
-------------------------+-------+-------+-------++-------
Melee: War axe           |    72 |   163 |   345 ||   580
       Tailslap          |     9 |    17 |    55 ||    81
Throw: Stone             |       |     6 |       ||     6
       Boomerang         |       |       |     2 ||     2
       Dart              |       |       |    13 ||    13
Invok: Heroism           |       |       |     3 ||     3
 Abil: Rolling Charge    |    16 |    26 |    37 ||    79
  Use: Potion            |       |     6 |     7 ||    13
       Scroll            |       |     1 |     5 ||     6
Armor: Scale mail        |    29 |   101 |   194 ||   324
Dodge: Dodged            |    11 |    34 |    65 ||   110
Block: Kite shield       |    24 |    86 |   221 ||   331
       Reflection        |       |       |     5 ||     5
